 Dungeon Crawl Stone Soup version bcrawl-1.26.1 (webtiles) character file.

Game seed: 8460766993678645658

206697 Freyura the Skirmisher (level 7, -4/64 HPs)
             Began as a Minotaur Fighter on July 9, 2020.
             Was a Follower of Ashenzari.
             Killed by mirror damage (9 damage)
             ... on level 6 of the Dungeon.
             The game lasted 00:16:25 (4776 turns).

Freyura the Skirmisher (Minotaur Fighter)           Turns: 4776, Time: 00:16:25

Health: -4/64      AC: 15    Str: 20    XL:     7   Next: 76%
Magic:  6/6        EV:  7    Int:  5    God:    Ashenzari [*.....]
Gold:   134        SH: 10    Dex: 12    Spells: 6/6 levels left

rFire    . . .     SeeInvis .   d - +2 flail (crush) (curse)
rCold    . . .     Gourm    .   c - +0 medium shield (curse)
rNeg     . . .     Faith    .   b - +0 scale mail
rPois    .         Spirit   .   x - +2 hat (curse)
rElec    .         Reflect  .   i - +0 cloak (curse)
rCorr    .         Harm     .   g - +0 pair of gloves (curse)
MR       .....     Clarity  +   y - +2 pair of boots (curse)
Stlth    ..........             (no amulet)
HPRegen  0.20/turn              (no ring)
MPRegen  0.10/turn              (no ring)

@: no status effects
A: retaliatory headbutt, horns 2, clarity, mutation resistance 1
a: Curse Item, Scrying, Renounce Religion


You were on level 6 of the Dungeon.
You worshipped Ashenzari.
Ashenzari was aware of your devotion.
You were not hungry.

You visited 2 branches of the dungeon, and saw 7 of its levels.
You also visited: Sewer.

You collected 424 gold pieces.
You spent 290 gold pieces at shops.

Inventory:

Hand Weapons
 a - a +1 flail
 d - a cursed +2 flail of crushing (weapon)
Armour
 b - a +0 scale mail (worn)
 c - a cursed +0 medium shield (worn)
 g - a cursed +0 pair of gloves (worn)
 i - a cursed +0 cloak (worn)
 o - a +0 chain mail
 x - a cursed +2 hat (worn)
 y - a cursed +2 pair of boots (worn)
Wands
 m - a wand of polymorph (11)
 s - a wand of random effects (8)
 t - a wand of disintegration (10)
 v - a wand of acid (7)
 A - a wand of flame (9)
Scrolls
 j - 2 scrolls of identify
 n - 4 scrolls of teleportation
 q - 2 scrolls of immolation
 r - 3 scrolls of fear
 u - 2 scrolls of fog {unknown}
 w - 2 scrolls of remove curse
Potions
 f - 2 potions of curing
 h - 6 potions of flight
 k - a potion of invisibility
 l - a potion of heal wounds
 p - a potion of cancellation {unknown}
 z - a potion of lignification {unknown}
Comestibles
 e - 9 rations {!d}


   Skills:
 * Level 6.7 Fighting
 * Level 6.0 Maces & Flails
 + Level 5.2 Armour
 + Level 3.3 Dodging
 + Level 5.2 Shields
 + Level 1.1 Evocations


You had 6 spell levels left.
You didn't know any spells.
Your spell library contained the following spells:

 Spells                   Type           Power        Failure   Level  Hunger
 Magic Dart               Conj           #...         100%        1    ##.....
 Blink                    Tloc           N/A          100%        2    ###....
 Call Imp                 Summ           #.....       100%        2    ###....
 Conjure Flame            Conj/Fire      #.......     100%        3    ####...
 Mephitic Cloud           Conj/Pois/Air  #.......     100%        3    ####...
 Spider Form              Tmut/Pois      #..          100%        3    ####...


Dungeon Overview and Level Annotations

Branches:
Dungeon (6/12)             Temple (1/1) D:4

Altars:
Ashenzari
Cheibriados
Dithmenos
Elyvilon
Fedhas
Gozag
Hepliaklqana
Kikubaaqudgha
Lugonu
Makhleb
Nemelex Xobeh
Okawaru
Qazlal
Ru
Sif Muna
Trog
Uskayaw
Vehumet
Wu Jian
Xom
Yredelemnul
The Shining One

Shops:
D:5 [   D:6 }:*

Annotations:
D:4 2 transporters, HoboStank's ghost, amateur DrBe
D:6 exclusion: statue


Innate Abilities, Weirdness & Mutations

You reflexively headbutt those who attack you in melee.
You have a pair of horns on your head.
You possess an exceptional clarity of mind.
You are somewhat resistant to further mutation.


Message History

You barely miss the death knight.
The death knight is moderately wounded.
The death knight hits you with a +0 battleaxe!
* * * LOW HITPOINT WARNING * * *
You hit the death knight. Your headbutt misses the death knight.
The death knight is moderately wounded.
The death knight reflects your damage back at you!
* * * LOW HITPOINT WARNING * * *
The death knight hits you but does no damage.
You sock the death knight! You headbutt the death knight!
The death knight is heavily wounded.
The death knight reflects your damage back at you!
* * * LOW HITPOINT WARNING * * *
The death knight invokes the aid of Yredelemnul against you.
Your body is wracked with pain!
* * * LOW HITPOINT WARNING * * *
You thump the death knight!
The death knight is severely wounded.
The death knight reflects your damage back at you!
You die...

..........### ......#.∩.#
##........# ......###.#
..>... ..# #####+###
#####.. #..
#.......##...##.. #..#
#.......#.....#. #..#
#....8..@p....# . ...
#.......#.....# .####
#.......##...## .......
#.###'########## #..##...
#.##.÷.##......##..##....
#.#.....#......#...##....
#.#.....##.......###....#
#.#.....##...........>...
#.##...###.....#.........


You could see a death knight.

Vanquished Creatures
  3 ogres
  A bullfrog (D:5)
  A crimson imp (D:5)
  A centaur zombie (D:5)
  A hound (D:5)
  2 iguanas
  A merfolk siren (Sewer)
  An orc wizard (D:5)
  A worker ant (D:5)
  A merfolk avatar (Sewer)
  A hound skeleton (D:4)
  A worker ant zombie (D:5)
  9 adders
  2 river rats (Sewer)
  3 oozes
  2 adder skeletons (D:4)
  4 dart slugs
  4 worms
  5 leopard geckos
  21 orcs
  4 ball pythons
  5 bats
  4 giant cockroaches
  11 goblins
  9 hobgoblins
  7 jackals
  4 quokkas
  3 frilled lizards
  5 kobolds
  A quokka zombie (D:6)
  33 rats
151 creatures vanquished.

Vanquished Creatures (others)
  An orc wizard (D:5)
  An adder (D:4)
2 creatures vanquished.

Grand Total: 153 creatures vanquished

Notes
Turn   | Place    | Note
-------+----------+-------------------------------------------
     0 | D:1      | Freyura the Minotaur Fighter began the quest for the Orb.
     0 | D:1      | Reached XP level 1. HP: 19/19 MP: 0/0
   300 | D:1      | Reached XP level 2. HP: 17/27 MP: 1/1
   476 | D:1      | Reached skill level 1 in Dodging
   599 | D:2      | Reached XP level 3. HP: 33/33 MP: 2/2
   919 | D:2      | Found a shadowy altar of Dithmenos.
   920 | D:2      | Found a bloodstained altar of Trog.
   951 | D:2      | Found a faded altar of an unknown god.
  1200 | D:2      | Reached XP level 4. HP: 41/41 MP: 3/3
  2206 | D:4      | Noticed an ogre
  2215 | D:4      | Killed an ogre
  2215 | D:4      | Reached skill level 5 in Fighting
  2215 | D:4      | Reached XP level 5. HP: 14/48 MP: 4/4
  2399 | D:4      | Found a glowing drain.
  2412 | Sewer    | Entered a sewer
  2531 | Sewer    | Reached XP level 6. HP: 52/56 MP: 5/5
  2839 | D:4      | Found a staircase to the Ecumenical Temple.
  2848 | Temple   | Entered the Ecumenical Temple
  2863 | Temple   | Became a worshipper of Ashenzari the Shackled
  3095 | D:4      | Reached skill level 5 in Maces & Flails
  3106 | D:4      | Found a transporter.
  3126 | D:4      | Found a transporter.
  3133 | D:4      | Noticed HoboStank's ghost (amateur DrBe)
  3197 | D:4      | Gained mutation: You possess an exceptional clarity of
                  | mind. [potion of mutation]
  3197 | D:4      | Gained mutation: You are somewhat resistant to further
                  | mutation. [potion of mutation]
  3276 | D:4      | Found a shimmering altar of Xom.
  3293 | D:4      | Found a sacrificial altar of Ru.
  3765 | D:5      | Entered Level 5 of the Dungeon
  3849 | D:5      | Reached XP level 7. HP: 58/63 MP: 6/6
  3963 | D:5      | Found Cucec's Antique Armour Shoppe.
  3975 | D:5      | Bought a runed hat for 140 gold pieces
  3975 | D:5      | Bought a pair of runed boots for 150 gold pieces
  4084 | D:5      | Reached skill level 5 in Armour
  4084 | D:5      | Reached skill level 5 in Shields
  4381 | D:5      | Reached skill level 1 in Evocations
  4469 | D:5      | Found a basalt altar of Yredelemnul.
  4560 | D:6      | Found Misof's Assorted Antiques.
  4560 | D:6      | Found Upsiet Qazxo's Book Boutique.
  4565 | D:6      | Reached * piety under Ashenzari
  4571 | D:6      | Found Wiwnenum's Gadget Boutique.
  4651 | D:6      | Found a radiant altar of Vehumet.
  4760 | D:6      | Noticed a death knight
  4776 | D:6      | Killed by mirror damage

Skill      XL: |  1  2  3  4  5  6  7 |
---------------+----------------------+-----
Fighting       | 4 5 6 |  6.7
Dodging        | 1 2 3 |  3.3
Maces & Flails | 3 4 5 6 |  6.0
Shields        | 4 5 |  5.2
Armour         | 4 5 |  5.2
Evocations     | 1 |  1.1

Action                   |  1- 3 |  4- 6 |  7- 9 || total
-------------------------+-------+-------+-------++-------
Melee: Flail             |   119 |   213 |    81 ||   413
       Headbutt          |    12 |    25 |    16 ||    53
Invok: Curse Item        |       |     4 |     3 ||     7
Evoke: Wand              |       |     2 |       ||     2
  Use: Scroll            |       |    13 |       ||    13
       Potion            |       |     2 |       ||     2
  Eat: Chunk             |     1 |     8 |     4 ||    13
Armor: Scale mail        |    58 |    88 |    33 ||   179
Dodge: Dodged            |    19 |    34 |    11 ||    64
Block: Medium shield     |    51 |   101 |    35 ||   187
